 Dungeon Sprint DCSS version 0.01-2161-g8ec87df2bd (webtiles) character file.

Game seed: 12060760893102621407, levelgen mode: deterministic

130 pasperui the Tainter (level 5, -2/52 HPs) Naga Venom Mage. Began on July 3, 2020. Slain by a deep elf mage ... wielding a +2 long sword of holy wrath (6 damage) ... in the Dungeon (Sprint III: "The Ten Rune Challenge"). The game lasted 00:03:57 (227 turns).

pasperui the Tainter (Naga Venom Mage)               Turns: 227, Time: 00:03:57

Health: -2/52      AC:  4    Str: 11    XL:     5 ^: 133
Magic:  11/13      EV:  9    Int: 16    God:
Gold:   22         SH:  0    Dex: 13    Spells: 8/15 levels left

rFire    . . .     Vision   +   (no weapon)
rCold    . . .     Gourm    .   (no weapon)
rNeg     . . .     Faith    .   a - +0 robe
rPois    +         Spirit   .   (no helmet)
rElec    +         Reflect  .   (no cloak)
rCorr    .         Harm     .   (no gloves)
MR       .....     Rnd*Rage +   (no barding) Stlth +++.......NoTele +
                                (no amulet)
HPRegen  0.27/turn              (no ring)
MPRegen  0.23/turn              (no ring)

@: hasted, quick
A: large, iridescent scales 1, thin skeletal structure 1, see invisible, berserk
1, deformed body, poison resistance, electricity resistance, slowness 2, slow
metabolism 1, spit poison 1, constrict 1, AC +1
a: Spit Poison


You were in the Dungeon.
You were not hungry.

You visited 1 branch You collected 22 gold pieces.

Inventory:

Armour
 a - a +0 robe (worn)
Scrolls
 i - 4 scrolls of blinking
 k - 3 scrolls of random uselessness
 l - a scroll of torment
 n - a scroll of immolation
Potions
 d - a potion of curing
 e - a potion of heal wounds
 g - 2 potions of magic
 j - a potion of agility
 m - 4 potions of mutation
Comestibles
 b - 4 chunks of flesh
 c - 3 rations


   Skills:
 - Level 5.4 Fighting
 - Level 0.7 Dodging
 - Level 3.0 Stealth
 - Level 5.6 Spellcasting
 - Level 1.0 Air Magic
 - Level 8.2 Poison Magic


You had 8 spell levels left.
You knew the following spells:

 Your Spells              Type           Power        Failure   Level  Hunger
a - Poisonous Vapours     Pois/Air       19 (50)      2%          1    None
b - Mephitic Cloud        Pois/Air       19 (100)     6%          3    ###....
c - Ignite Poison         Fire/Tmut      4 (100)      41%         3    ###....

Your spell library contained the following spells:

 Spells                   Type           Power        Failure   Level  Hunger
 Sting                    Pois           25 (25)      1%          2    #......
 Olgreb's Toxic Radiance  Pois           30 (100)     4%          4    ####...


Dungeon Overview and Level Annotations

Branches:
Dungeon (1/1)

Altars:
Elyvilon
Zin
The Shining One


Innate Abilities, Weirdness & Mutations

You cannot wear boots.
Your serpentine skin is tough. (AC +1)
You have supernaturally acute eyesight. (+Vis)
Armour fits poorly on your strangely shaped body.
Your system is resistant to poisons. (rPois)
You cover ground very slowly.
You have a slow metabolism.
You can spit poison.
You can use your snake-like lower body to constrict enemies.
You are partially covered in iridescent scales. (AC +2)
You have a somewhat thin skeletal structure. (Dex +2, Stealth)
You tend to lose your temper in combat.
You are resistant to electric shocks. (rElec)


Message History

Confirm with . or Enter, or press ? or * to list all spells.
Aiming: Poisonous Vapours (safe; 2% risk of failure)
Press: ? - help, Dir - move target cursor, f/p - deep elf mage
Aim: a deep elf mage, wielding a +2 long sword of holy wrath (almost dead (4/46), poisoned)
Okay, then.
The deep elf mage drinks a potion.
The deep elf mage is healed!
Casting: Poisonous Vapours (safe; 2% risk of failure)
Confirm with . or Enter, or press ? or * to list all spells.
Aiming: Poisonous Vapours (safe; 2% risk of failure)
Press: ? - help, Dir - move target cursor, f/p - deep elf mage
Aim: a deep elf mage, wielding a +2 long sword of holy wrath (moderately wounded (30/46), poisoned) Poisonous vapours surround the deep elf mage!
The deep elf mage is engulfed in poison gas.
The deep elf mage looks as sick as possible!
The ice beast hits you (1). The ice beast freezes you (5).
The deep elf mage hits you with a +2 long sword of holy wrath (5).
The ice beast hits you (4). The ice beast freezes you (13)!
* * * LOW HITPOINT WARNING * * *
The deep elf mage hits you with a +2 long sword of holy wrath (6).
You die...

▓▓▓▓▓ ▓▓▓
...♣♣♣♣♣.####
..♣♣♣♣♣♣.#___
...♣♣♣♣..#...
..≈♣♣♣♣..###'#+###+##
.≈≈.♣♣♣♣.#......@...#
≈≈≈≈♣♣.♣.'.⌠.....eY.#
≈≈≈≈≈≈.♣.#...######+#
≈≈≈≈≈....#.⌠.#
≈≈≈≈.....#...#
≈≈.......#+###
.........# .........#
▓▓▓▓▓▓▓▓▓▓


You could see a deep elf mage and an ice beast.

Vanquished Creatures
  A water elemental (D)
  A scorpion (D)
  A human (D)
  4 rats (D)
7 creatures vanquished.

Vanquished Creatures (others)
  2 draconian scorchers (D)
  6 hellions (D)
  A yaktaur (D)
9 creatures vanquished.

Grand Total: 16 creatures vanquished

Notes
Turn   | Place    | Note
-------+----------+-------------------------------------------
     0 | D        | pasperui the Naga Venom Mage began the quest for the Orb.
     0 | D        | Reached XP level 1. HP: 15/15 MP: 3/3
     4 | D        | Reached skill level 5 in Poison Magic
    57 | D        | Reached skill level 8 in Poison Magic
    57 | D        | Reached XP level 2. HP: 22/22 MP: 1/5
    68 | D        | Killed a hellion
    85 | D        | Noticed a scorpion
    87 | D        | Killed a hellion
    88 | D        | Killed a scorpion
    88 | D        | Reached skill level 5 in Spellcasting
    88 | D        | Reached XP level 3. HP: 28/28 MP: 2/10
    88 | D        | Reached XP level 4. HP: 36/36 MP: 2/11
   101 | D        | Killed a hellion
   112 | D        | Killed a hellion
   113 | D        | Gained mutation: Your body sometimes deteriorates upon
                  | taking damage. [potion of mutation]
   113 | D        | Gained mutation: You are partially covered in iridescent
                  | scales. (AC +2) [potion of mutation]
   113 | D        | Gained mutation: You have a somewhat thin skeletal
                  | structure. (Dex +2, Stealth) [potion of mutation]
   114 | D        | Lost mutation: Your body sometimes deteriorates upon taking
                  | damage. [potion of mutation]
   114 | D        | Gained mutation: You occasionally shout uncontrollably at
                  | your foes. [potion of mutation]
   114 | D        | Gained mutation: You tend to lose your temper in combat.
                  | [potion of mutation]
   114 | D        | Gained mutation: Your spells are a little easier to cast,
                  | but a little less powerful. [potion of mutation]
   114 | D        | Gained mutation: Your mind is acute. (Int +2) [potion of
                  | mutation]
   115 | D        | Lost mutation: You occasionally shout uncontrollably at
                  | your foes. [potion of mutation]
   115 | D        | Lost mutation: Your mind is acute. (Int +2) [potion of
                  | mutation]
   115 | D        | Lost mutation: Your spells are a little easier to cast, but
                  | a little less powerful. [potion of mutation]
   115 | D        | Gained mutation: You are resistant to electric shocks.
                  | (rElec) [potion of mutation]
   120 | D        | Killed a white draconian scorcher
   121 | D        | Killed a hellion
   142 | D        | Reached skill level 5 in Fighting
   142 | D        | Reached XP level 5. HP: 52/52 MP: 13/13
   153 | D        | Killed a yaktaur
   155 | D        | Killed a hellion
   160 | D        | Killed a white draconian scorcher
   198 | D        | Learned a level 3 spell: Mephitic Cloud
   202 | D        | Learned a level 3 spell: Ignite Poison
   207 | D        | Found a glowing silver altar of Zin.
   207 | D        | Found a glowing golden altar of the Shining One.
   207 | D        | Found a white marble altar of Elyvilon.
   207 | D        | Noticed a deep elf mage
   211 | D        | Noticed an ice beast
   227 | D        | Slain by a deep elf mage

Levels and vault maps discovered:
D:        dungeon_sprint_mu [sprint_mu_entry_forest, sprint_mu_temple_rooms,
          sprint_mu_d1_horrors, sprint_mu_d2_genie, sprint_mu_d3_branching,
          sprint_mu_orc_legion, sprint_mu_elf_gauntlet, sprint_mu_hive_nellie,
          sprint_mu_lair_fedhas, sprint_mu_vaults_butterflies,
          sprint_mu_slime_circle, sprint_mu_swamp_cave, sprint_mu_shoals_kraken,
          sprint_mu_blade_basic, sprint_mu_crypt_chambers,
          sprint_mu_tomb_spiral, sprint_mu_vestibule_basic,
          sprint_mu_gehenna_hellfire, sprint_mu_dis_giant,
          sprint_mu_tartarus_statrot, sprint_mu_cocytus_islands, sprint_mu_zot1]

Skill      XL: |  1  2  3  4 |
---------------+-------------+-----
Poison Magic   | 8 |  8.2
Spellcasting   | 5 |  5.6
Fighting       | 5 |  5.4
Dodging        | |  0.7
Stealth        | |  3.0
Air Magic      | |  1.0

Action                   |  1- 3 |  4- 6 || total
-------------------------+-------+-------++-------
Melee: Unarmed           |     4 |     4 ||     8
       Constrict         |     1 |       ||     1
 Cast: Poisonous Vapours |    10 |     6 ||    16
 Abil: Spit Poison       |     2 |     1 ||     3
  Use: Potion            |       |     6 ||     6
Armor: Robe              |       |     2 ||     2
